 Dungeon Crawl Stone Soup version 0.21-a0-578-gc6e9d75 (webtiles) character file.

18923 KristoblXynda the Blocker (level 12, -6/89 HPs)
             Began as a Yellow Draconian Fighter on Dec 18, 2017.
             Was an Elder of Nemelex Xobeh.
             Mangled by an enchanted long sword (14 damage)
             ... on level 13 of the Dungeon.
             The game lasted 00:30:33 (15525 turns).

KristoblXynda the Blocker (DrFi)                   Turns: 15525, Time: 00:30:35

Health: -6/89      AC: 15    Str: 22    XL:     12   Next: 32%
Magic:  18/18      EV: 13    Int: 10    God:    Nemelex Xobeh [****..]
Gold:   1167       SH: 13    Dex: 12    Spells: 11/11 levels left

rFire    . . .     SeeInvis .   e - +2 war axe (flame)
rCold    + + +     Gourm    +   b - +0 shield
rNeg     . . .     Faith    .   (armour unavailable)
rPois    .         Spirit   .   (helmet restricted)
rElec    +         Reflect  .   x - +2 cloak
rCorr    +         Harm     .   (no gloves)
MR       ++...                  w - +1 pair of boots
Stlth    +++.......             m - amulet of the gourmand
HPRegen  0.24/turn              J - ring "Necag" {rElec rC+++ MR++ AC+2 Dex-2}
MPRegen  0.16/turn              A - +3 ring of dexterity

@: lethally poisoned (-6 -> -6), slowed, very slow
A: spit acid, acid resistance, unfitting armour, cold-blooded, AC +8
a: Breathe Acid, Triple Draw, Deal Four, Renounce Religion


You were on level 13 of the Dungeon.
You worshipped Nemelex Xobeh.
Nemelex Xobeh was greatly pleased with you.
You were very full.

You visited 2 branches of the dungeon, and saw 14 of its levels.
You also visited: Ossuary.

You collected 1167 gold pieces.

Inventory:

Hand Weapons
 e - a +2 war axe of flaming (weapon)
Armour
 b - a +0 shield (worn)
 w - a +1 pair of boots (worn)
 x - a +2 cloak (worn)
Jewellery
 g - an uncursed ring of stealth
 m - an amulet of the gourmand (around neck)
 t - an uncursed ring of magical power
 A - a +3 ring of dexterity (right hand)
 J - the ring "Necag" (left hand) {rElec rC+++ MR++ AC+2 Dex-2}
   (You took it off a deep elf mage on level 10 of the Dungeon)

   [ring of protection]

   It affects your AC (+2).
   It affects your dexterity (-2).
   It renders you almost immune to cold.
   It insulates you from electricity.
   It affects your resistance to hostile enchantments.
 L - an uncursed ring of positive energy
Wands
 k - a wand of iceblast (17)
 n - a wand of paralysis (2)
 u - a wand of clouds (1)
 G - a wand of disintegration (3)
 Q - a wand of scattershot (4)
Scrolls
 i - 7 scrolls of remove curse
 l - 4 scrolls of enchant armour
 q - 8 scrolls of immolation
 z - a scroll of identify
 C - a scroll of magic mapping
 F - a scroll of fear
Potions
 c - a potion of might
 d - a potion of flight
 f - 2 potions of mutation
 h - 2 potions of haste
 j - 3 potions of magic
 p - 2 potions of lignification
 s - a potion of cancellation
 v - 2 potions of brilliance
 B - 2 potions of curing
 O - a potion of resistance
Books
 M - a Grand Grimoire

   Spells                             Type                      Level
   a - Monstrous Menagerie            Summoning                    7
   b - Summon Greater Demon           Summoning                    7
   c - Malign Gateway                 Summoning/Translocation      7
   d - Summon Horrible Things         Summoning                    8
 N - Box Koli's Compendium of the Frigorific Mountains
   (You found it on level 10 of the Dungeon)

   Spells                             Type                      Level
   a - Freeze                         Ice                          1
   b - Ensorcelled Hibernation        Hexes/Ice                    2
   c - Leda's Liquefaction            Hexes/Earth                  4
   d - Iron Shot                      Conjuration/Earth            6
   e - Bolt of Cold                   Conjuration/Ice              6
Miscellaneous
 a - a fan of gales
 r - an ornate deck of destruction
 y - an ornate deck of destruction
 D - a plain deck of escape
 E - a plain deck of escape {drawn: 1}
 H - a legendary deck of summoning {drawn: 1}
 I - a plain deck of destruction {drawn: 5}
 K - a fan of gales
 P - a sack of spiders
Comestibles
 o - 23 rations


   Skills:
 - Level 3.2 Fighting
 - Level 10.3 Axes
 + Level 3.9 Dodging
 + Level 7.2 Stealth
 + Level 12.1 Shields
 - Level 8.0 Invocations
 - Level 8.0 Evocations


You had 11 spell levels left.
You didn't know any spells.

Dungeon Overview and Level Annotations

Branches:
Dungeon (13/15)            Temple (1/1) D:7            Lair (0/6) D:8
    Orc (0/2) D:11
 Vaults: D:13-14

Altars:
Ashenzari
Cheibriados
Dithmenos
Elyvilon
Fedhas
Gozag
Hepliaklqana
Kikubaaqudgha
Makhleb
Nemelex Xobeh
Okawaru
Qazlal
Ru
Sif Muna
Trog
Uskayaw
Vehumet
Wu Jian
Xom
Yredelemnul
Zin
The Shining One

Shops:
D:7 *   D:8 }


Innate Abilities, Weirdness & Mutations

You can spit globs of acid.
You are resistant to acid.
Your golden yellow scales are hard. (AC +8)
You cannot fit into any form of body armour.
You are cold-blooded and may be slowed by cold attacks.


Message History

Unknown command.
You closely miss the hornet.
The hornet is almost dead.
You closely miss the enchanted long sword.
You feel sick.
The hornet stings you but does no damage.
The enchanted long sword hits you!
* * * LOW HITPOINT WARNING * * *
The hornet stings you!
* * * LOW HITPOINT WARNING * * *
You feel as though you will be slow longer.
You block the enchanted long sword's attack.
The hornet barely misses you.
As you read the scroll of fear, it crumbles to dust.
You assume a fearsome visage.
The enchanted long sword is unaffected. x2
The worker ant looks frightened!
The hornet looks frightened!
The orc priest looks frightened!
The orc looks frightened! x4; You feel sick.
The enchanted long sword hits you!
You die...
Your body glows with a rainbow of weird colours and disappears.

#..# #.###o.##.#
#..aoo.^.#
#.###o##### #o# #)#
#(# #(# ###### #@#
.....# ##y## ####<#
#####...#######.
####.###
#...............
.......#
#...#...########
####.#.####...##.##
#.#.#..)......#
#.#...........#
#.###..?......#


You could see a hornet (fleeing), a worker ant (fleeing), 2 dancing weapons, an
orc priest (fleeing) and 4 orcs.

Vanquished Creatures
  Fannar (D:10)
  A hydra (D:11)
  4 two-headed ogres
  The ghost of galech the Grappler, a novice TrMo of Okawaru (D:9)
  An unseen horror (D:10)
  Pikel (D:7)
  A harpy (shapeshifter) (D:10)
  2 deep elf magi (D:10)
  4 ugly things
  A gargoyle (D:11)
  The ghost of p0werm0de the Magician, a novice VSEn (D:6)
  A freezing wraith (D:10)
  A troll (D:10)
  A hornet (D:11)
  A merfolk (D:10)
  Grinder (D:4)
  A hippogriff (D:11)
  The ghost of Regeox the Skirmisher, an amateur TeFi (Ossuary)
  2 wyverns
  A spriggan (shapeshifter) (D:10)
  A vampire (D:9)
  6 yaks (D:11)
  2 hungry ghosts
  A soldier ant (D:7)
  A warg (D:11)
  Duvessa (D:5)
  2 hell hounds (D:8)
  4 orc warriors
  A sky beast (D:6)
  2 ice beasts
  An eye of draining (D:10)
  4 phantoms
  2 black bears
  5 ogres
  2 centaurs
  2 crocodiles
  2 big kobolds (D:9)
  4 bullfrogs
  2 wyvern skeletons
  Dowan (D:5)
  14 killer bees
  6 scorpions
  2 howler monkeys
  2 centaur zombies
  2 crimson imps
  2 gnoll shamans (D:4)
  A quasit (D:7)
  A bullfrog zombie (D:11)
  2 orc priests
  2 jellies
  16 orc wizards
  Crazy Yiuf (D:5)
  A centaur skeleton (D:4)
  7 hounds
  2 bullfrog skeletons
  Jessica (D:3)
  Ijyb (D:5)
  3 iguanas
  6 worker ants
  2 big kobold zombies (Ossuary)
  2 hound zombies
  2 hound skeletons
  2 mummies (Ossuary)
  A howler monkey zombie (D:10)
  Robin (D:3)
  A worker ant zombie (D:11)
  8 adders
  3 gnolls (D:4)
  3 shadow imps
  An ufetubus (D:11)
  2 oozes
  An adder zombie (D:5)
  An adder skeleton (D:8)
  2 dart slugs
  4 worms
  5 leopard geckos
  40 orcs
  5 giant cockroaches
  10 goblins
  10 hobgoblins
  18 jackals
  3 quokkas
  4 ball pythons
  7 bats
  3 frilled lizards
  4 gnoll zombies (Ossuary)
  3 goblin zombies (Ossuary)
  4 hobgoblin zombies (Ossuary)
  A jackal skeleton (D:4)
  16 kobolds
  An orc zombie (Ossuary)
  A quokka skeleton (D:4)
  6 rats
323 creatures vanquished.

Vanquished Creatures (collateral kills)
  A cyclops (D:10)
  A komodo dragon (D:10)
  A jackal (D:10)
3 creatures vanquished.

Vanquished Creatures (others)
  The ghost of galech the Grappler, a novice TrMo of Okawaru (D:8)
  A cyclops (D:10)
  An orc wizard (D:5)
3 creatures vanquished.

Grand Total: 329 creatures vanquished

Notes
Turn   | Place    | Note
-------+----------+-------------------------------------------
     0 | D:1      | KristoblXynda the Draconian Fighter began the quest for the Orb.
     0 | D:1      | Reached XP level 1. HP: 19/19 MP: 1/1
   479 | D:1      | Reached XP level 2. HP: 26/26 MP: 2/2
  1143 | D:2      | Reached XP level 3. HP: 24/31 MP: 3/3
  2198 | D:3      | Noticed Robin
  2209 | D:3      | Reached XP level 4. HP: 10/38 MP: 4/4
  2235 | D:3      | Killed Robin
  2690 | D:3      | Reached skill level 4 in Shields
  2692 | D:3      | Reached XP level 5. HP: 23/45 MP: 5/5
  2773 | D:3      | Noticed Jessica
  2788 | D:3      | Killed Jessica
  3642 | D:4      | Reached skill level 5 in Axes
  3642 | D:4      | Reached XP level 6. HP: 17/51 MP: 6/6
  4004 | D:4      | Reached skill level 5 in Shields
  4374 | D:4      | Your scales start taking on a golden yellow colour.
  4374 | D:4      | Reached XP level 7. HP: 52/57 MP: 7/7
  4686 | D:4      | Reached skill level 1 in Evocations
  4997 | D:4      | Noticed Grinder
  4997 | D:4      | Paralysed by Grinder for 7 turns
  5008 | D:4      | Killed Grinder
  5130 | D:4      | Reached skill level 6 in Shields
  5227 | D:5      | Entered Level 5 of the Dungeon
  5234 | D:5      | Found a sand-covered staircase.
  5243 | Ossuary  | Entered an ossuary
  5272 | Ossuary  | Noticed Regeox's ghost (amateur TeFi)
  5296 | Ossuary  | Killed Regeox's ghost
  5296 | Ossuary  | Reached XP level 8. HP: 37/63 MP: 10/10
  5493 | D:5      | Noticed Ijyb
  5898 | D:5      | Noticed Duvessa
  5900 | D:5      | Noticed Dowan
  5909 | D:5      | Killed Duvessa
  5932 | D:5      | Killed Dowan
  6355 | D:5      | Killed Ijyb
  6357 | D:5      | Reached skill level 7 in Shields
  6384 | D:5      | Found a runed door.
  6388 | D:5      | Noticed Crazy Yiuf
  6394 | D:5      | Killed Crazy Yiuf
  6798 | D:6      | Noticed p0werm0de's ghost (novice VSEn)
  6809 | D:6      | Killed p0werm0de's ghost
  6809 | D:6      | Reached skill level 5 in Evocations
  6809 | D:6      | Reached XP level 9. HP: 45/70 MP: 12/12
  7439 | D:7      | Found a glowing silver altar of Zin.
  7583 | D:7      | Reached skill level 8 in Shields
  7850 | D:7      | Found Vacucwys's General Store.
  7893 | D:7      | Found a staircase to the Ecumenical Temple.
  7899 | D:7      | Noticed Pikel
  7901 | Temple   | Entered the Ecumenical Temple
  8106 | Temple   | Became a worshipper of Nemelex Xobeh the Trickster
  8131 | D:7      | Killed Pikel
  8192 | D:7      | Received a gift from Nemelex Xobeh
  8636 | D:8      | Noticed galech's ghost (novice TrMo)
  8641 | D:8      | Noticed a two-headed ogre
  8650 | D:8      | Banished galech's ghost
  8658 | D:8      | Killed a two-headed ogre
  8658 | D:8      | Reached skill level 9 in Shields
  8658 | D:8      | Reached XP level 10. HP: 44/77 MP: 15/15
  9018 | D:8      | Found a staircase to the Lair.
  9032 | D:8      | Reached * piety under Nemelex Xobeh
  9150 | D:8      | Found an opulent altar of Gozag.
  9283 | D:8      | Found Pegrik's Gadget Shop.
  9294 | D:8      | Noticed a two-headed ogre
  9301 | D:8      | Killed a two-headed ogre
  9325 | D:8      | Reached skill level 10 in Axes
  9579 | D:9      | Reached skill level 1 in Invocations
  9757 | D:9      | Found a burning altar of Makhleb.
  9947 | D:9      | Reached skill level 10 in Shields
 10026 | D:9      | Found a blossoming altar of Fedhas.
 10029 | D:9      | Found an iron altar of Okawaru.
 10099 | D:9      | Received a gift from Nemelex Xobeh
 10105 | D:9      | Noticed galech's ghost (novice TrMo)
 10105 | D:9      | Reached ** piety under Nemelex Xobeh
 10121 | D:9      | Killed galech's ghost
 10121 | D:9      | Reached skill level 1 in Stealth
 10421 | D:10     | Entered Level 10 of the Dungeon
 10620 | D:10     | Killed an unseen horror
 10620 | D:10     | Reached XP level 11. HP: 45/82 MP: 1/17
 10787 | D:10     | Received a gift from Nemelex Xobeh
 10818 | D:10     | Noticed a two-headed ogre
 10824 | D:10     | Noticed a harpy
 10826 | D:10     | Killed a harpy
 10829 | D:10     | Killed a two-headed ogre
 10841 | D:10     | Noticed a deep elf mage
 10844 | D:10     | Reached skill level 5 in Invocations
 10880 | D:10     | Noticed a sun demon
 10881 | D:10     | Killed a deep elf mage
 10883 | D:10     | Got a smoking tin ring
 10893 | D:10     | Identified Box Koli's Compendium of the Frigorific Mountains
 10989 | D:10     | Identified the ring "Necag" {rElec rC+++ MR++ AC+2 Dex-2} (You took it off a deep elf mage on level 10 of the Dungeon)
 11168 | D:10     | Reached skill level 11 in Shields
 11439 | D:10     | Noticed Fannar
 11477 | D:10     | Killed Fannar
 11477 | D:10     | Reached skill level 5 in Stealth
 11749 | D:10     | Noticed a deep elf mage
 11759 | D:10     | Killed a deep elf mage
 11961 | D:10     | Received a gift from Nemelex Xobeh
 12102 | D:11     | Noticed a brown ugly thing
 12107 | D:11     | Noticed a purple ugly thing
 12124 | D:10     | Killed a brown ugly thing
 12169 | D:11     | Killed a purple ugly thing
 12776 | D:11     | Noticed a four-headed hydra
 12886 | D:11     | Killed a one-headed hydra
 12886 | D:11     | Reached XP level 12. HP: 27/89 MP: 18/18
 13041 | D:11     | Found a staircase to the Orcish Mines.
 13753 | D:12     | Reached *** piety under Nemelex Xobeh
 13755 | D:12     | Received a gift from Nemelex Xobeh
 14617 | D:13     | Received a gift from Nemelex Xobeh
 14660 | D:13     | HP: 4/89 [cyclops/large rock (13)]
 14732 | D:13     | Reached **** piety under Nemelex Xobeh
 15041 | D:12     | Reached skill level 12 in Shields
 15343 | D:13     | Noticed a two-headed ogre
 15350 | D:13     | Killed a two-headed ogre
 15525 | D:13     | Mangled by an enchanted long sword

Vault maps used:
D:1:      dpeg_arrival_yet_another_circle, minmay_misc_feat_tower
D:3:      kennysheep_nub, uniq_robin, uniq_jessica
D:4:      first_ration, hangedman_minor_gate_pass, uniq_grinder
D:5:      chequers_ossuary_entry_cave, uniq_crazy_yiuf_cottage, uniq_ijyb,
          uniq_duvessa
D:6:      st_stairs_3
D:7:      zin_treasury, minmay_temple_entry_statues_pillars, serial_shops, shop,
          uniq_pikel
D:8:      minmay_lair_entry_lava, serial_shops, nicolae_shop_behind_doors,
          grunt_gozag_breadcrumbs
D:9:      gammafunk_temple_overflow_forgotten
D:10:     minmay_the_grid_square_5x5_3x3, hangedman_stone_soup, uniq_fannar
D:11:     david_orc_3
D:13:     erik_vaults_1
Temple:   hc_temple_tempest_star
Ossuary:  minmay_ossuary_gauntlet

Skill      XL: |  1  2  3  4  5  6  7  8  9 10 11 12 |
---------------+-------------------------------------+-----
Dodging        | 3 |  3.9
Axes           | 3 4 5 6 7 8 9 10 | 10.3
Shields        | 4 5 6 7 9 10 11 12 | 12.1
Evocations     | 3 5 7 8 |  8.0
Invocations    | 4 7 8 |  8.0
Stealth        | 2 6 7 |  7.2
Fighting       | |  3.2

Action                   |  1- 3 |  4- 6 |  7- 9 | 10-12 || total
-------------------------+-------+-------+-------+-------++-------
Melee: War axe           |   126 |   145 |   233 |   474 ||   978
       Tailslap          |     9 |    24 |    33 |    77 ||   143
 Abil: Breathe Acid      |       |       |    10 |    20 ||    30
Evoke: Wand              |       |    11 |    10 |     6 ||    27
       Deck              |       |       |     1 |     6 ||     7
  Use: Potion            |     1 |     2 |     3 |     5 ||    11
       Scroll            |       |     7 |     8 |    12 ||    27
 Stab: Sleeping          |     2 |     4 |     4 |    11 ||    21
       Paralysed         |       |     4 |    11 |    19 ||    34
       Confused          |       |       |       |     2 ||     2
       Distracted        |       |       |       |     1 ||     1
  Eat: Chunk             |     1 |    19 |    11 |    33 ||    64
       Ration            |     1 |       |       |     1 ||     2
Armor: Skin              |    32 |    40 |    45 |   128 ||   245
Dodge: Dodged            |    85 |    71 |    97 |   175 ||   428
Block: Shield            |    65 |    74 |    99 |   274 ||   512

Table legend:
 A = Spawn XP
 B = Non-spawn XP
 C = Spawn XP percentage of total XP
 D = Spawn monster count
 E = Non-spawn monster count
 F = Spawn count percentage of total count
 G = Total turns spent on level
                    A         B        C        D         E        F      G
               +---------+---------+-------+---------+---------+-------+---------
         Total |       0 |   27033 |   0.0 |       0 |     329 |   0.0 | 15525
               +---------+---------+-------+---------+---------+-------+---------
           D:1 |       0 |      16 |   0.0 |       0 |      11 |   0.0 |   829
           D:2 |       0 |      47 |   0.0 |       0 |      22 |   0.0 |  1201
           D:3 |       0 |     224 |   0.0 |       0 |      46 |   0.0 |  1483
           D:4 |       0 |    1070 |   0.0 |       0 |      26 |   0.0 |  1987
           D:5 |       0 |     653 |   0.0 |       0 |      17 |   0.0 |  1013
           D:6 |       0 |     863 |   0.0 |       0 |      12 |   0.0 |   570
           D:7 |       0 |    1421 |   0.0 |       0 |      16 |   0.0 |  1142
           D:8 |       0 |    3222 |   0.0 |       0 |      19 |   0.0 |   893
           D:9 |       0 |    2359 |   0.0 |       0 |      31 |   0.0 |   923
          D:10 |       0 |    8576 |   0.0 |       0 |      53 |   0.0 |  1672
          D:11 |       0 |    4994 |   0.0 |       0 |      38 |   0.0 |  1633
          D:12 |       0 |    1655 |   0.0 |       0 |      15 |   0.0 |  1457
          D:13 |       0 |    1585 |   0.0 |       0 |       6 |   0.0 |   342
       Ossuary |       0 |     348 |   0.0 |       0 |      17 |   0.0 |   161
               +---------+---------+-------+---------+---------+-------+---------
